 Dungeon Crawl Stone Soup version 0.29.0-11-gd7f09526c8 (webtiles) character file.

Game seed: 2223483431615053166

62 Arum the Grave Robber (level 3, 0/24 HPs)
             Began as a Demonspawn Necromancer on Sept 5, 2022.
             Killed by nerve-wracking pain
             ... invoked by an orc priest
              (14 damage)
             ... on level 3 of the Dungeon.
             The game lasted 00:03:38 (1906 turns).

Arum the Grave Robber (Demonspawn Necromancer)      Turns: 1906, Time: 00:03:38

Health: 0/24       AC:  8    Str:  8    XL:     3   Next: 85%
Magic:  1/7        EV: 12    Int: 18    God:
Gold:   86         SH:  0    Dex: 13    Spells: 4/8 levels left

rFire   . . .      SeeInvis .   h - +2 dagger (drain)
rCold   . . .      Faith    .   (no shield)
rNeg    . . .      Spirit   .   a - +0 robe
rPois   .          Reflect  .   (no helmet)
rElec   .          Harm     .   (no cloak)
rCorr   .          Rampage  .   (no gloves)
Will    .....                   (no boots)
Stlth   ++........              (no amulet)
HPRegen 0.08/turn               (no ring)
MPRegen 0.10/turn               (no ring)

@: sanguine armoured
A: sanguine armour 1
a: no special abilities


You were on level 3 of the Dungeon.
You visited 1 branch of the dungeon, and saw 3 of its levels.

You collected 86 gold pieces.

Inventory:

Hand Weapons
 d - a +0 whip
 h - a +2 dagger of draining (weapon)
Armour
 a - a +0 robe (worn)
Jewellery
 e - a +4 ring of evasion
Scrolls
 c - 3 scrolls of identify {unknown}
 g - 2 scrolls of teleportation {unknown}
Potions
 b - a potion of magic
 f - 3 potions of curing {unknown}
 i - a potion of attraction {unknown}
 j - 2 potions of cancellation {unknown}
 k - a potion of flight {unknown}


   Skills:
 - Level 1.7 Dodging
 - Level 1.7 Stealth
 + Level 3.1 Spellcasting
 + Level 5.3 Necromancy


You had 4 spell levels left.
You knew the following spells:

 Your Spells              Type           Power      Damage    Failure   Level
a - Necrotise             Necr           84%        1d8       1%          1
b - Vampiric Draining     Necr           21%        2d7       5%          3

Your spell library contained the following spells:

 Spells                   Type           Power      Damage    Failure   Level
 Animate Dead             Necr           21%        N/A       19%         4
 Poisonous Vapours        Pois/Air       4%         N/A       24%         2
 Confusing Touch          Hex            2%         N/A       43%         3
 Ozocubu's Armour         Ice            2%         N/A       43%         3
 Portal Projectile        Hex/Tloc       4%         N/A       43%         3
 Agony                    Necr           21%        N/A       45%         5
 Summon Mana Viper        Hex/Summ       2%         N/A       99%         5
 Ozocubu's Refrigeration  Ice            1%         4d7       100%        7


Dungeon Overview and Level Annotations

Branches:
Dungeon (3/15)

Altars:

Shops:
D:1 [


Innate Abilities, Weirdness & Mutations

When seriously injured, your blood forms armour. (AC +6)


Message History

Your goblin skeleton closely misses the orc.
The orc barely resists.
An orc priest comes into view. It is wielding a +0 flail.
The orc writhes in agony!
You kill the orc!
The dead are walking!
The orc priest calls down the wrath of Beogh upon you.
Beogh smites you!
Ouch! That really hurt!
Your blood congeals into armour.
You completely miss the orc. The orc hits you but does no damage.
You barely miss the orc.
Your goblin skeleton closely misses the orc.
The orc priest hits your goblin skeleton with a +0 flail.
The orc misses you.
You closely miss the orc.
Your orc skeleton hits the orc.
Your goblin skeleton hits the orc.
The orc hits you but does no damage.
The orc priest hits your goblin skeleton with a +0 flail!
Your goblin skeleton is destroyed!
You completely miss the orc.
The orc is moderately wounded.
Your orc skeleton hits the orc.
An orc priest comes into view. It is wielding a +0 club.
You closely miss the orc.
The orc is heavily wounded.
The orc hits you but does no damage.
Your orc skeleton hits the orc.
Casting: Necrotise (safe; 1% risk of failure)
Confirm with . or Enter, or press ? or * to list all spells.
The spell is quite dangerous to miscast (5% risk of failure)!
Continue anyway? [Y]es or [N]o only, please.
The spell is quite dangerous to miscast (5% risk of failure)!
Continue anyway?
Aiming: Vampiric Draining (quite dangerous; 5% risk of failure)
Press: ? - help, Shift-Dir - straight line, f - orc priest
Aim: an orc priest, wielding a +0 flail You draw life force from the orc priest!
You feel life coursing into your body.
The orc priest calls down the wrath of Beogh upon you.
Pain shoots through your body!
Ouch! That really hurt!
You die...

. #. #. #.
.#.##.###
.........
#.....(o#
#.......#
#.....Zo#
##.....o@###
#..........#
.........#.#
#.......#.#
#.......# #
#.......#
#.......#
#.......#
#.....).#


You could see 2 orc priests, an orc (ally target) and a friendly orc skeleton.

Vanquished Creatures
  An adder (D:2)
  A worm (D:2)
  A dart slug (D:1)
  An orc (D:3)
  2 ball pythons (D:2)
  An endoplasm (D:1)
  A giant cockroach (D:2)
  3 goblins
  5 hobgoblins
  4 jackals
  2 quokkas
  8 bats
  2 frilled lizards (D:2)
  3 kobolds (D:1)
  5 rats
40 creatures vanquished.

Vanquished Creatures (collateral kills)
  A dart slug (D:2)
  An endoplasm (D:1)
  A bat (D:1)
  A kobold (D:2)
4 creatures vanquished.

Grand Total: 44 creatures vanquished

Notes
Turn   | Place    | Note
-------+----------+-------------------------------------------
     0 | D:1      | Arum the Demonspawn Necromancer began the quest for the
                  | Orb.
     0 | D:1      | Reached XP level 1. HP: 13/13 MP: 3/3
   210 | D:1      | Found a faded altar of an unknown god.
   217 | D:1      | Found Irofror's Armour Emporium.
   222 | D:1      | Gained mutation: When seriously injured, your blood forms
                  | armour. (AC +6) [demonic ancestry]
   222 | D:1      | Reached XP level 2. HP: 19/19 MP: 3/5
   968 | D:1      | You fall into a shaft and drop 1 floor!
  1012 | D:2      | Reached skill level 5 in Necromancy
  1012 | D:2      | Reached XP level 3. HP: 24/24 MP: 2/7
  1458 | D:2      | Got the Codex of Entrancing Intoxication
  1473 | D:2      | Learned a level 3 spell: Vampiric Draining
  1906 | D:3      | Killed from afar by an orc priest

Illustrated notes

Levels and vault maps discovered:
D:1:      amcnicky_arrival_wind_blow, layout_basic,
          shapermc_ecumenical_altar_mp_highgroup, serial_shops, shop
D:2:      layout_basic
D:3:      layout_basic, nicolae_vehumet_altar_sigil

Skill      XL: |  1  2  3 |
---------------+----------+-----
Necromancy     | 5 |  5.3
Spellcasting   | 3 |  3.1
Dodging        | |  1.7
Stealth        | |  1.7

Action                   || total
-------------------------++-------
Melee: Unarmed           ||    25
       Whip              ||    23
       Dagger            ||     5
 Cast: Necrotise         ||    66
       Vampiric Draining ||     1
Armor: Robe              ||    35
Dodge: Dodged            ||    50
